Crunch vs Whale

Created - Friday, October 23, 2015 at 02:34

Goals
1 2 3 T
Crunch 2 0 0 2
Whale 1 0 0 1
Shots
1 2 3 T
Crunch 9 6 16 31
Whale 10 7 5 22

1st period

1. Crunch , Matt Hunwick 1 (Travis Moen, Kimmo Timonen) at 6:59 (PP)
2. Crunch , Matt Cooke 3 (Jordin Tootoo, Kimmo Timonen) at 15:42 (PP)
3. Whale , Nikita Nikitin 3 (Corey Tropp) at 18:33 (PP)

Penalties :
Nick Tarnasky (CON) for Holding (Minor) at 6:36, Colin Fraser (CON) for Slashing (Minor) at 13:58, Stanislav Galiev (SYR) for Slashing (Minor) at 18:17, Nick Tarnasky (CON) for Fighting (Major) at 19:49, Nolan Yonkman (SYR) for Fighting (Major) at 19:49

2nd period

No Goal

Penalties :
Markus Lauridsen (SYR) for Tripping (Minor) at 10:48, Brennan Evans (CON) for Holding (Minor) at 16:51

3rd period

No Goal

Penalties :
Brennan Evans (CON) for Holding (Minor) at 13:38, Daniel Cleary (SYR) for Cross-checking (Minor) at 18:54

Goalie Stats

Richard Bachman (SYR), 21 saves from 22 shots - (0.955), W, 7-0-0, 60:00 minutes
Calvin Pickard (CON), 29 saves from 31 shots - (0.935), L, 5-2-1, 59:06 minutes

Players Stats for Crunch

Player Name              G  A  P  +/- PIM S  H  SB GA TA FO     MP     PP MP  PK MP  
------------------------------------------------------------------------------------
Casey Wellman            0  0  0   0  0   1  1  0  0  1  6/10   17:25   3:28   0:00 
Corban Knight            0  0  0   0  0   1  0  0  0  0  2/8    12:40   0:00   0:00 
Daniel Carr              0  0  0   0  0   1  0  0  0  0  0/0    10:43   0:00   0:00 
Daniel Cleary            0  0  0   0  2   4  2  0  2  1  0/0    14:23   0:00   1:21 
Dustin Jeffrey           0  0  0   0  0   0  2  0  0  0  2/2    14:53   0:00   1:50 
Jordin Tootoo            0  1  1   0  0   2  1  0  6  0  0/1    15:29   2:37   0:00 
Karl Stollery            0  0  0   0  0   1  3  3  0  0  0/0    21:41   2:47   2:39 
Kimmo Timonen            0  2  2   0  0   2  1  0  0  2  0/0    22:07   3:18   0:41 
Markus Lauridsen         0  0  0   0  2   0  1  0  0  0  0/0    17:46   0:00   0:00 
Martin Havlat            0  0  0   0  0   2  0  0  4  0  0/0    17:25   3:28   0:00 
Matt Cooke               1  0  1   0  0   2  2  1  3  0  0/0    15:58   2:37   0:29 
Matt Hunwick             1  0  1   0  0   3  3  0  0  5  0/0    22:15   3:18   0:41 
Nolan Yonkman            0  0  0   0  5   1  2  0  0  1  0/0    14:51   0:00   0:00 
Sam Carrick              0  0  0   0  0   0  1  0  2  0  4/10   16:59   2:37   1:30 
Scott Hannan             0  0  0   0  0   2  0  1  1  1  0/0    21:41   2:47   2:39 
Stanislav Galiev         0  0  0   0  2   3  0  0  4  0  0/0    10:42   0:00   0:00 
Travis Moen              0  1  1   0  0   5  3  2  2  0  2/4    18:55   3:28   1:30 
Travis Oleksuk           0  0  0   0  0   1  1  0  1  1  4/4    10:43   0:00   0:00 

Players Stats for Whale

Player Name              G  A  P  +/- PIM S  H  SB GA TA FO     MP     PP MP  PK MP  
------------------------------------------------------------------------------------
Alan Quine               0  0  0   0  0   1  0  1  1  0  3/7    19:39   1:28   0:21 
Brendan Ranford          0  0  0   0  0   2  1  1  3  0  0/0    12:31   0:23   0:00 
Brennan Evans            0  0  0   0  4   0  2  1  0  1  0/0    19:38   1:31   0:43 
Brent Regner             0  0  0   0  0   2  1  1  0  1  0/0    19:07   1:49   4:12 
Colin Fraser             0  0  0   0  2   0  0  0  1  1  4/9    14:16   0:00   2:35 
Corey Tropp              0  1  1   0  0   1  0  0  1  0  0/1    11:35   1:52   0:21 
Dallas Jackson           0  0  0   0  0   0  0  1  0  1  0/0    19:54   1:31   1:53 
Darren Dietz             0  0  0   0  0   0  1  0  1  0  0/0    15:23   0:00   0:00 
Denny Urban              0  0  0   0  0   0  0  0  0  0  0/0     5:36   0:00   0:00 
Ethan Werek              0  0  0   0  0   2  0  2  0  0  4/5    13:54   0:00   0:55 
Iiro Pakarinen           0  0  0   0  0   1  0  1  2  2  1/1    18:37   1:28   0:00 
John McCarthy            0  0  0   0  0   2  3  1  2  1  0/0    18:22   1:28   0:00 
Nick Tarnasky            0  0  0   0  7   1  0  0  0  1  0/0    14:17   0:00   3:06 
Nikita Nikitin           1  0  1   0  0   5  0  2  3  3  0/0    24:43   1:49   4:12 
Pierre-Edouard Bellemare 0  0  0   0  0   1  2  1  2  0  4/13   20:24   1:25   2:14 
Reece Scarlett           0  0  0   0  0   2  0  2  0  1  0/0    16:42   0:00   1:10 
Shane Prince             0  0  0   0  0   2  0  2  2  1  1/1    21:23   1:29   2:08 
Tomas Nosek              0  0  0   0  0   0  1  0  0  0  2/2     7:49   0:27   0:30 

3 Stars

1 - Richard Bachman (SYR)
2 - Matt Hunwick (SYR)
3 - Matt Cooke (SYR)

Power Play

Crunch - 2 on 4 Attempt(s) - 50.00%
Whale - 1 on 3 Attempt(s) - 33.33%

Penalty Kill

Crunch - 2 on 3 Attempt(s) - 66.67% - Score 0 goal in Penalty Kill
Whale - 2 on 4 Attempt(s) - 50.00% - Score 0 goal in Penalty Kill

Team Stat

Crunch - Hits : 23 - Faceoff Wins : 20 - Blocked Shots : 7 - Penalty Minutes : 11
Whale - Hits : 11 - Faceoff Wins : 19 - Blocked Shots : 16 - Penalty Minutes : 13

Official

Referees : Unknown
Linesman : Unknown

Game Notes

Nolan Yonkman beats up Nick Tarnasky at 19:49 of 1st period

Finance

Level 1 -- Attendance: 1644 (82.20%) -- Ticket Income $65,760
Level 2 -- Attendance: 766 (76.60%) -- Ticket Income $15,320
Total Attendance: 2410 (80.33%)
Total Ticket Income: $81,080
Other Income: $39,729
Total Income: $120,809

Crunch

5 vs 5 Forward 
   Center                   Left Wing                Right Wing               Time % Phy DF OF 
 1 Sam Carrick              Jordin Tootoo            Matt Cooke               30     1   2  2  
 2 Casey Wellman            Martin Havlat            Travis Moen              30     1   2  2  
 3 Corban Knight            Dustin Jeffrey           Daniel Cleary            25     1   2  2  
 4 Travis Oleksuk           Daniel Carr              Stanislav Galiev         15     1   2  2  

5 vs 5 Defense 
   Defense                  Defense                                           Time % Phy DF OF 
 1 Kimmo Timonen            Matt Hunwick                                      34     1   2  2  
 2 Karl Stollery            Scott Hannan                                      33     1   2  2  
 3 Nolan Yonkman            Markus Lauridsen                                  33     1   2  2  
 4 Kimmo Timonen            Matt Hunwick                                      0      1   2  2  

PowerPlay Forward 
   Center                   Left Wing                Right Wing               Time % Phy DF OF 
 1 Sam Carrick              Jordin Tootoo            Matt Cooke               50     1   1  3  
 2 Casey Wellman            Martin Havlat            Travis Moen              50     0   1  4  

PowerPlay Defense
   Defense                  Defense                                           Time % Phy DF OF 
 1 Kimmo Timonen            Matt Hunwick                                      50     1   2  2  
 2 Karl Stollery            Scott Hannan                                      50     1   2  2  

Penalty Kill 4 Players Forward 
   Center                   Wing                     Time % Phy DF OF 
 1 Dustin Jeffrey           Daniel Cleary            50     1   4  0  
 2 Sam Carrick              Travis Moen              50     1   4  0  

Penalty Kill 4 Players Defense
   Defense                  Defense                  Time % Phy DF OF 
 1 Karl Stollery            Scott Hannan             50     1   4  0  
 2 Kimmo Timonen            Matt Hunwick             50     1   4  0  

Penalty Kill - 3 Players Forward 
   Forward                                           Time % Phy DF OF 
 1 Dustin Jeffrey                                    50     1   4  0  
 2 Sam Carrick                                       50     1   4  0  

Penalty Kill - 3 Players Defense
   Defense                  Defense                  Time % Phy DF OF 
 1 Karl Stollery            Scott Hannan             50     1   4  0  
 2 Kimmo Timonen            Matt Hunwick             50     1   4  0  

4 vs 4 Forward 
   Center                   Wing                     Time % Phy DF OF 
 1 Sam Carrick              Jordin Tootoo            50     1   1  3  
 2 Casey Wellman            Martin Havlat            50     0   1  4  

4 vs 4 Defense
   Defense                  Defense                  Time % Phy DF OF 
 1 Kimmo Timonen            Matt Hunwick             50     1   2  2  
 2 Karl Stollery            Scott Hannan             50     1   2  2  

Last Minutes Offensive
   Center                   Left Wing                Right Wing               Defense                  Defense                  
   Sam Carrick              Jordin Tootoo            Matt Cooke               Kimmo Timonen            Matt Hunwick             

Last Minutes Defensive
   Center                   Left Wing                Right Wing               Defense                  Defense                  
   Sam Carrick              Travis Moen              Matt Cooke               Karl Stollery            Scott Hannan             

Goaltenders
Starting : Richard Bachman          
Backup : John Curry               

Extra Forwards
Normal : Martin Havlat, Jordin Tootoo, Matt Cooke - PP : Martin Havlat, Jordin Tootoo - PK : Matt Cooke
Extra Defensemen
Normal : Kimmo Timonen, Matt Hunwick, Scott Hannan - PP : Kimmo Timonen - PK : Scott Hannan, Karl Stollery
Penalty Shots
Stanislav Galiev, Dustin Jeffrey, Casey Wellman, Daniel Carr, Kimmo Timonen

Whale

5 vs 5 Forward 
   Center                   Left Wing                Right Wing               Time % Phy DF OF 
 1 Pierre-Edouard Bellemare Shane Prince             Corey Tropp              35     1   2  2  
 2 Alan Quine               John McCarthy            Iiro Pakarinen           30     1   2  2  
 3 Colin Fraser             Brendan Ranford          Pierre-Edouard Bellemare 22     1   2  2  
 4 Ethan Werek              Nick Tarnasky            Shane Prince             13     1   2  2  

5 vs 5 Defense 
   Defense                  Defense                                           Time % Phy DF OF 
 1 Nikita Nikitin           Brent Regner                                      35     1   2  2  
 2 Brennan Evans            Dallas Jackson                                    30     1   2  2  
 3 Darren Dietz             Reece Scarlett                                    22     1   2  2  
 4 Denny Urban              Nikita Nikitin                                    13     1   2  2  

PowerPlay Forward 
   Center                   Left Wing                Right Wing               Time % Phy DF OF 
 1 Pierre-Edouard Bellemare Shane Prince             Corey Tropp              60     1   2  2  
 2 Alan Quine               John McCarthy            Iiro Pakarinen           40     1   2  2  

PowerPlay Defense
   Defense                  Defense                                           Time % Phy DF OF 
 1 Nikita Nikitin           Brent Regner                                      60     1   2  2  
 2 Brennan Evans            Dallas Jackson                                    40     1   2  2  

Penalty Kill 4 Players Forward 
   Center                   Wing                     Time % Phy DF OF 
 1 Pierre-Edouard Bellemare Shane Prince             60     1   2  2  
 2 Corey Tropp              Alan Quine               40     1   2  2  

Penalty Kill 4 Players Defense
   Defense                  Defense                  Time % Phy DF OF 
 1 Nikita Nikitin           Brent Regner             60     1   2  2  
 2 Brennan Evans            Dallas Jackson           40     1   2  2  

Penalty Kill - 3 Players Forward 
   Forward                                           Time % Phy DF OF 
 1 Pierre-Edouard Bellemare                          60     1   2  2  
 2 Shane Prince                                      40     1   2  2  

Penalty Kill - 3 Players Defense
   Defense                  Defense                  Time % Phy DF OF 
 1 Nikita Nikitin           Brent Regner             60     1   2  2  
 2 Brennan Evans            Dallas Jackson           40     1   2  2  

4 vs 4 Forward 
   Center                   Wing                     Time % Phy DF OF 
 1 Pierre-Edouard Bellemare Shane Prince             60     1   2  2  
 2 Corey Tropp              Alan Quine               40     1   2  2  

4 vs 4 Defense
   Defense                  Defense                  Time % Phy DF OF 
 1 Nikita Nikitin           Brent Regner             60     1   2  2  
 2 Brennan Evans            Dallas Jackson           40     1   2  2  

Last Minutes Offensive
   Center                   Left Wing                Right Wing               Defense                  Defense                  
   Pierre-Edouard Bellemare Shane Prince             Corey Tropp              Nikita Nikitin           Brent Regner             

Last Minutes Defensive
   Center                   Left Wing                Right Wing               Defense                  Defense                  
   Pierre-Edouard Bellemare Shane Prince             Corey Tropp              Nikita Nikitin           Brent Regner             

Goaltenders
Starting : Calvin Pickard           
Backup : Louis Domingue           

Extra Forwards
Normal : Tomas Nosek, Brendan Ranford, Colin Fraser - PP : Tomas Nosek, Brendan Ranford - PK : Colin Fraser
Extra Defensemen
Normal : Darren Dietz, Reece Scarlett, Denny Urban - PP : Darren Dietz - PK : Reece Scarlett, Denny Urban
Penalty Shots
Pierre-Edouard Bellemare, Shane Prince, Corey Tropp, Alan Quine, Iiro Pakarinen

% Time on Ice - Crunch

Lines # - Real PCT - Wanted PCT - Time Play
Normal Forward
1 - 26% - 30% - 13:15
2 - 28% - 30% - 13:57
3 - 25% - 25% - 12:40
4 - 21% - 15% - 10:43
Normal Defense
1 - 34% - 34% - 17:19
2 - 31% - 33% - 15:52
3 - 34% - 33% - 17:24
4 - 0% - 0% - 0:00
PP Forward
1 - 43% - 50% - 2:37
2 - 57% - 50% - 3:28
PP Defense
1 - 54% - 50% - 3:18
2 - 46% - 50% - 2:47
PK Forward
1 - 55% - 50% - 1:50
2 - 45% - 50% - 1:30
PK Defense
1 - 80% - 50% - 2:39
2 - 21% - 50% - 0:41
PK3 Forward
1 - 0% - 50%
2 - 0% - 50%
PK3 Defense
1 - 0% - 50%
2 - 0% - 50%
44 Forward
1 - 0% - 50%
2 - 0% - 50%
44 Defense
1 - 0% - 50%
2 - 0% - 50%
Last Minute Offensive  - 0:00
Last Minute Defensive  - 0:00
Total
Forward - 60:00
Defense - 60:00

% Time on Ice - Whale

Lines # - Real PCT - Wanted PCT - Time Play
Normal Forward
1 - 16% - 35% - 8:13
2 - 35% - 30% - 17:50
3 - 23% - 22% - 11:42
4 - 25% - 13% - 12:50
Normal Defense
1 - 26% - 35% - 13:06
2 - 33% - 30% - 16:30
3 - 30% - 22% - 15:23
4 - 11% - 13% - 5:36
PP Forward
1 - 56% - 60% - 1:52
2 - 44% - 40% - 1:28
PP Defense
1 - 55% - 60% - 1:49
2 - 46% - 40% - 1:31
PK Forward
1 - 94% - 60% - 5:44
2 - 6% - 40% - 0:21
PK Defense
1 - 69% - 60% - 4:12
2 - 31% - 40% - 1:53
PK3 Forward
1 - 0% - 60%
2 - 0% - 40%
PK3 Defense
1 - 0% - 60%
2 - 0% - 40%
44 Forward
1 - 0% - 60%
2 - 0% - 40%
44 Defense
1 - 0% - 60%
2 - 0% - 40%
Last Minute Offensive  - 0:00
Last Minute Defensive  - 0:00
Total
Forward - 60:00
Defense - 60:00

Play by Play

1st period


0:01 of 1st period - Pierre-Edouard Bellemare wins face-off versus Sam Carrick in neutral zone.
1:09 of 1st period - John McCarthy is hit by Travis Moen and loses puck.
2:58 of 1st period - Brendan Ranford is hit by Sam Carrick and loses puck.
3:11 of 1st period - Ethan Werek is hit by Nolan Yonkman and loses puck.
3:20 of 1st period - Slapshot by Nikita Nikitin.
3:20 of 1st period - Shot Misses the Net.
3:22 of 1st period - Slapshot by Nikita Nikitin.
3:22 of 1st period - Stopped by Richard Bachman with a rebound.
3:24 of 1st period - Slapshot by Nikita Nikitin.
3:24 of 1st period - Shot Misses the Net.
3:26 of 1st period - Slapshot by Brent Regner.
3:26 of 1st period - Stopped by Richard Bachman without a rebound.
3:27 of 1st period - Ethan Werek wins face-off versus Casey Wellman in Crunch zone.
3:36 of 1st period - Wrist shot by Travis Moen.
3:36 of 1st period - Stopped by Calvin Pickard with a rebound.
3:38 of 1st period - Wrist shot by Casey Wellman.
3:38 of 1st period - Stopped by Calvin Pickard with a rebound.
3:40 of 1st period - Slapshot by Karl Stollery.
3:40 of 1st period - Shot Blocked by Ethan Werek.
3:44 of 1st period - Snap shot by Martin Havlat.
3:44 of 1st period - Shot Blocked by Ethan Werek.
3:46 of 1st period - Slapshot by Scott Hannan.
3:46 of 1st period - Shot Misses the Net.
3:48 of 1st period - Snap shot by Travis Moen.
3:48 of 1st period - Shot Misses the Net.
3:58 of 1st period - Snap shot by Martin Havlat.
3:58 of 1st period - Shot Misses the Net.
4:22 of 1st period - Wrist shot by Alan Quine.
4:22 of 1st period - Stopped by Richard Bachman with a rebound.
4:24 of 1st period - Slapshot by Darren Dietz.
4:24 of 1st period - Shot Blocked by Karl Stollery.
6:26 of 1st period - Ethan Werek is hit by Matt Cooke and loses puck.
6:36 of 1st period - Minor Penalty to Nick Tarnasky for Holding.
6:37 of 1st period - Casey Wellman wins face-off versus Pierre-Edouard Bellemare in Whale zone.
6:41 of 1st period - Snap shot by Martin Havlat.
6:41 of 1st period - Shot Blocked by Shane Prince.
6:43 of 1st period - Slapshot by Kimmo Timonen.
6:43 of 1st period - Shot Blocked by Nikita Nikitin.
6:45 of 1st period - Slapshot by Matt Hunwick.
6:45 of 1st period - Shot Misses the Net.
6:47 of 1st period - Snap shot by Martin Havlat.
6:47 of 1st period - Shot Blocked by Pierre-Edouard Bellemare.
6:49 of 1st period - Snap shot by Travis Moen.
6:49 of 1st period - Stopped by Calvin Pickard with a rebound.
6:51 of 1st period - Slapshot by Travis Moen.
6:51 of 1st period - Shot Misses the Net.
6:53 of 1st period - Snap shot by Kimmo Timonen.
6:53 of 1st period - Stopped by Calvin Pickard with a rebound.
6:55 of 1st period - Slapshot by Matt Hunwick.
6:55 of 1st period - Shot Blocked by Brent Regner.
6:57 of 1st period - Wrist shot by Travis Moen.
6:57 of 1st period - Stopped by Calvin Pickard with a rebound.
6:59 of 1st period - Slapshot by Matt Hunwick.
6:59 of 1st period - Goal by Matt Hunwick - Crunch : 1 - Whale : 0.
7:00 of 1st period - Casey Wellman wins face-off versus Colin Fraser in neutral zone.
7:37 of 1st period - Wrist shot by Ethan Werek.
7:37 of 1st period - Stopped by Richard Bachman with a rebound.
7:39 of 1st period - Slapshot by Nikita Nikitin.
7:39 of 1st period - Deflect By Travis Moen.
7:39 of 1st period - Stopped by Richard Bachman without a rebound.
7:40 of 1st period - Ethan Werek wins face-off versus Sam Carrick in Crunch zone.
8:31 of 1st period - John McCarthy is hit by Dustin Jeffrey.
8:39 of 1st period - Snap shot by Iiro Pakarinen.
8:39 of 1st period - Deflect By Alan Quine.
8:39 of 1st period - Shot Misses the Net.
8:39 of 1st period - Puck is out of play.
8:40 of 1st period - Corban Knight wins face-off versus Alan Quine in Crunch zone.
9:01 of 1st period - Slapshot by Daniel Cleary.
9:01 of 1st period - Shot Blocked by John McCarthy.
9:21 of 1st period - Wrist shot by Brendan Ranford.
9:21 of 1st period - Stopped by Richard Bachman with a rebound.
9:23 of 1st period - Slapshot by Brent Regner.
9:23 of 1st period - Deflect By Brendan Ranford.
9:23 of 1st period - Stopped by Richard Bachman without a rebound.
9:24 of 1st period - Casey Wellman wins face-off versus Colin Fraser in Crunch zone.
9:41 of 1st period - Travis Moen is hit by Pierre-Edouard Bellemare and loses puck.
10:50 of 1st period - Snap shot by Stanislav Galiev.
10:50 of 1st period - Stopped by Calvin Pickard with a rebound.
10:52 of 1st period - Snap shot by Stanislav Galiev.
10:52 of 1st period - Shot Misses the Net.
10:54 of 1st period - Wrist shot by Stanislav Galiev.
10:54 of 1st period - Shot Misses the Net.
10:56 of 1st period - Wrist shot by Stanislav Galiev.
10:56 of 1st period - Shot Blocked by Dallas Jackson.
10:58 of 1st period - Slapshot by Kimmo Timonen.
10:58 of 1st period - Shot Blocked by Brennan Evans.
11:00 of 1st period - Slapshot by Kimmo Timonen.
11:00 of 1st period - Shot Misses the Net.
12:52 of 1st period - Wrist shot by Shane Prince.
12:52 of 1st period - Shot Misses the Net.
12:54 of 1st period - Snap shot by Reece Scarlett.
12:54 of 1st period - Stopped by Richard Bachman with a rebound.
12:56 of 1st period - Slapshot by Reece Scarlett.
12:56 of 1st period - Shot Blocked by Travis Moen.
12:58 of 1st period - Slapshot by Tomas Nosek.
12:58 of 1st period - Shot Misses the Net.
13:10 of 1st period - Denny Urban is hit by Travis Moen and loses puck.
13:45 of 1st period - Snap shot by Jordin Tootoo.
13:45 of 1st period - Deflect By Sam Carrick.
13:45 of 1st period - Shot Misses the Net.
13:45 of 1st period - Puck is out of play.
13:46 of 1st period - Travis Oleksuk wins face-off versus Colin Fraser in Whale zone.
13:58 of 1st period - Minor Penalty to Colin Fraser for Slashing.
13:59 of 1st period - Pierre-Edouard Bellemare wins face-off versus Sam Carrick in Whale zone.
14:46 of 1st period - Slapshot by Casey Wellman.
14:46 of 1st period - Shot Misses the Net.
14:59 of 1st period - Off-side.
15:00 of 1st period - Casey Wellman wins face-off versus Corey Tropp in neutral zone.
15:40 of 1st period - Snap shot by Jordin Tootoo.
15:40 of 1st period - Stopped by Calvin Pickard with a rebound.
15:42 of 1st period - Slapshot by Matt Cooke.
15:42 of 1st period - Goal by Matt Cooke - Crunch : 2 - Whale : 0.
15:43 of 1st period - Alan Quine wins face-off versus Corban Knight in neutral zone.
17:54 of 1st period - Backhand shot by Alan Quine.
17:54 of 1st period - Shot Misses the Net.
18:17 of 1st period - Minor Penalty to Stanislav Galiev for Slashing.
18:18 of 1st period - Dustin Jeffrey wins face-off versus Pierre-Edouard Bellemare in Crunch zone.
18:31 of 1st period - Wrist shot by Nikita Nikitin.
18:31 of 1st period - Stopped by Richard Bachman with a rebound.
18:33 of 1st period - Slapshot by Nikita Nikitin.
18:33 of 1st period - Goal by Nikita Nikitin - Crunch : 2 - Whale : 1.
18:34 of 1st period - Iiro Pakarinen wins face-off versus Sam Carrick in neutral zone.
19:49 of 1st period - Nolan Yonkman beats up Nick Tarnasky.
19:49 of 1st period - Penalty to Nick Tarnasky for Fighting.
19:49 of 1st period - Penalty to Nolan Yonkman for Fighting.
19:50 of 1st period - Colin Fraser wins face-off versus Corban Knight in Whale zone.
Goals for this period are 2 for Crunch vs 1 for Whale.
Shots for this period are 9 for Crunch vs 10 for Whale.

2nd period


0:01 of 2nd period - Travis Moen wins face-off versus Pierre-Edouard Bellemare in neutral zone.
0:04 of 2nd period - Slapshot by Travis Moen.
0:04 of 2nd period - Stopped by Calvin Pickard with a rebound.
0:06 of 2nd period - Snap shot by Travis Moen.
0:06 of 2nd period - Deflect By Martin Havlat.
0:06 of 2nd period - Shot Misses the Net.
0:06 of 2nd period - Puck is out of play.
0:07 of 2nd period - Casey Wellman wins face-off versus Pierre-Edouard Bellemare in Whale zone.
1:06 of 2nd period - Brennan Evans is hit by Jordin Tootoo.
1:20 of 2nd period - Sam Carrick is hit by John McCarthy and loses puck.
2:00 of 2nd period - Wrist shot by Dustin Jeffrey.
2:00 of 2nd period - Shot Misses the Net.
2:02 of 2nd period - Wrist shot by Corban Knight.
2:02 of 2nd period - Deflect By Daniel Cleary.
2:02 of 2nd period - Shot Misses the Net.
2:02 of 2nd period - Puck is out of play.
2:03 of 2nd period - Travis Oleksuk wins face-off versus Ethan Werek in Whale zone.
2:18 of 2nd period - Backhand shot by Stanislav Galiev.
2:18 of 2nd period - Shot Blocked by Reece Scarlett.
3:38 of 2nd period - Slapshot by Martin Havlat.
3:38 of 2nd period - Stopped by Calvin Pickard with a rebound.
3:40 of 2nd period - Slapshot by Travis Moen.
3:40 of 2nd period - Stopped by Calvin Pickard with a rebound.
3:42 of 2nd period - Snap shot by Scott Hannan.
3:42 of 2nd period - Stopped by Calvin Pickard with a rebound.
3:44 of 2nd period - Wrist shot by Martin Havlat.
3:44 of 2nd period - Shot Misses the Net.
4:47 of 2nd period - Off-side.
4:48 of 2nd period - Ethan Werek wins face-off versus Corban Knight in neutral zone.
5:00 of 2nd period - Tomas Nosek is hit by Markus Lauridsen and loses puck.
5:09 of 2nd period - Brennan Evans is hit by Matt Hunwick and loses puck.
5:26 of 2nd period - Slapshot by Pierre-Edouard Bellemare.
5:26 of 2nd period - Stopped by Richard Bachman with a rebound.
6:12 of 2nd period - Scott Hannan is hit by Pierre-Edouard Bellemare.
6:16 of 2nd period - Pierre-Edouard Bellemare is hit by Karl Stollery.
7:44 of 2nd period - Dallas Jackson is hit by Daniel Cleary and loses puck.
8:21 of 2nd period - Snap shot by Shane Prince.
8:21 of 2nd period - Stopped by Richard Bachman with a rebound.
9:00 of 2nd period - Nolan Yonkman is hit by Tomas Nosek and loses puck.
9:13 of 2nd period - Snap shot by Corey Tropp.
9:13 of 2nd period - Shot Misses the Net.
10:21 of 2nd period - Ethan Werek is hit by Dustin Jeffrey and loses puck.
10:46 of 2nd period - Backhand shot by John McCarthy.
10:46 of 2nd period - Stopped by Richard Bachman with a rebound.
10:48 of 2nd period - Minor Penalty to Markus Lauridsen for Tripping.
10:49 of 2nd period - Sam Carrick wins face-off versus Pierre-Edouard Bellemare in Crunch zone.
11:22 of 2nd period - Scott Hannan is hit by John McCarthy and loses puck.
12:04 of 2nd period - Icing by Corey Tropp.
12:05 of 2nd period - Tomas Nosek wins face-off versus Sam Carrick in Whale zone.
12:24 of 2nd period - Corey Tropp is hit by Karl Stollery and loses puck.
12:48 of 2nd period - Penalty to Markus Lauridsen is over, Markus Lauridsen is back on ice.
12:49 of 2nd period - Scott Hannan is hit by Brennan Evans and loses puck.
12:54 of 2nd period - Wrist shot by John McCarthy.
12:54 of 2nd period - Stopped by Richard Bachman with a rebound.
13:16 of 2nd period - Nolan Yonkman is hit by Darren Dietz and loses puck.
13:19 of 2nd period - Wrist shot by Travis Oleksuk.
13:19 of 2nd period - Stopped by Calvin Pickard with a rebound.
14:31 of 2nd period - Slapshot by Nikita Nikitin.
14:31 of 2nd period - Stopped by Richard Bachman with a rebound.
14:33 of 2nd period - Slapshot by Nikita Nikitin.
14:33 of 2nd period - Deflect By Brendan Ranford.
14:33 of 2nd period - Shot Blocked by Travis Moen.
14:33 of 2nd period - Puck is out of play.
14:34 of 2nd period - Colin Fraser wins face-off versus Casey Wellman in Crunch zone.
15:26 of 2nd period - Wrist shot by Ethan Werek.
15:26 of 2nd period - Shot Misses the Net.
15:28 of 2nd period - Slapshot by Reece Scarlett.
15:28 of 2nd period - Stopped by Richard Bachman without a rebound.
15:29 of 2nd period - Ethan Werek wins face-off versus Sam Carrick in Crunch zone.
16:25 of 2nd period - Tomas Nosek is hit by Matt Hunwick and loses puck.
16:51 of 2nd period - Minor Penalty to Brennan Evans for Holding.
16:52 of 2nd period - Pierre-Edouard Bellemare wins face-off versus Casey Wellman in Whale zone.
17:11 of 2nd period - Wrist shot by Martin Havlat.
17:11 of 2nd period - Deflect By Travis Moen.
17:11 of 2nd period - Shot Misses the Net.
17:11 of 2nd period - Puck is out of play.
17:12 of 2nd period - Travis Moen wins face-off versus Pierre-Edouard Bellemare in Whale zone.
18:08 of 2nd period - Nick Tarnasky is hit by Casey Wellman and loses puck.
18:15 of 2nd period - Slapshot by Matt Hunwick.
18:15 of 2nd period - Stopped by Calvin Pickard with a rebound.
18:17 of 2nd period - Wrist shot by Casey Wellman.
18:17 of 2nd period - Shot Blocked by Reece Scarlett.
18:34 of 2nd period - Off-side.
18:35 of 2nd period - Sam Carrick wins face-off versus Pierre-Edouard Bellemare in neutral zone.
18:51 of 2nd period - Penalty to Brennan Evans is over, Brennan Evans is back on ice.
18:58 of 2nd period - Nikita Nikitin is hit by Matt Hunwick and loses puck.
19:55 of 2nd period - Slapshot by Iiro Pakarinen.
19:55 of 2nd period - Stopped by Richard Bachman with a rebound.
19:57 of 2nd period - Slapshot by Reece Scarlett.
19:57 of 2nd period - Shot Misses the Net.
Goals for this period are 0 for Crunch vs 0 for Whale.
Shots for this period are 6 for Crunch vs 7 for Whale.

3rd period


0:01 of 3rd period - Sam Carrick wins face-off versus Pierre-Edouard Bellemare in neutral zone.
0:27 of 3rd period - Snap shot by Corey Tropp.
0:27 of 3rd period - Shot Misses the Net.
0:29 of 3rd period - Snap shot by Nikita Nikitin.
0:29 of 3rd period - Shot Blocked by Karl Stollery.
0:31 of 3rd period - Slapshot by Corey Tropp.
0:31 of 3rd period - Shot Misses the Net.
0:33 of 3rd period - Snap shot by Corey Tropp.
0:33 of 3rd period - Shot Blocked by Scott Hannan.
0:35 of 3rd period - Slapshot by Brent Regner.
0:35 of 3rd period - Shot Blocked by Matt Cooke.
0:49 of 3rd period - Wrist shot by John McCarthy.
0:49 of 3rd period - Shot Blocked by Karl Stollery.
1:09 of 3rd period - Slapshot by Martin Havlat.
1:09 of 3rd period - Shot Misses the Net.
1:11 of 3rd period - Snap shot by Travis Moen.
1:11 of 3rd period - Shot Misses the Net.
1:41 of 3rd period - Dustin Jeffrey is hit by Brennan Evans and loses puck.
1:48 of 3rd period - Slapshot by Kimmo Timonen.
1:48 of 3rd period - Shot Blocked by Brendan Ranford.
2:03 of 3rd period - Markus Lauridsen is hit by Brendan Ranford and loses puck.
2:16 of 3rd period - Nick Tarnasky is hit by Nolan Yonkman and loses puck.
2:31 of 3rd period - Snap shot by Ethan Werek.
2:31 of 3rd period - Stopped by Richard Bachman without a rebound.
2:32 of 3rd period - Travis Oleksuk wins face-off versus Pierre-Edouard Bellemare in Crunch zone.
2:37 of 3rd period - Pierre-Edouard Bellemare is hit by Travis Oleksuk and loses puck.
2:48 of 3rd period - Snap shot by Stanislav Galiev.
2:48 of 3rd period - Shot Misses the Net.
2:50 of 3rd period - Snap shot by Karl Stollery.
2:50 of 3rd period - Shot Blocked by Shane Prince.
2:52 of 3rd period - Wrist shot by Daniel Carr.
2:52 of 3rd period - Deflect By Corey Tropp.
2:52 of 3rd period - Shot Misses the Net.
2:52 of 3rd period - Puck is out of play.
2:53 of 3rd period - Alan Quine wins face-off versus Travis Moen in Whale zone.
3:44 of 3rd period - Snap shot by Shane Prince.
3:44 of 3rd period - Stopped by Richard Bachman with a rebound.
4:32 of 3rd period - Scott Hannan is hit by John McCarthy and loses puck.
4:45 of 3rd period - Snap shot by Matt Cooke.
4:45 of 3rd period - Stopped by Calvin Pickard without a rebound.
4:46 of 3rd period - Shane Prince wins face-off versus Corban Knight in Whale zone.
5:23 of 3rd period - Wrist shot by Pierre-Edouard Bellemare.
5:23 of 3rd period - Shot Misses the Net.
6:37 of 3rd period - Ethan Werek is hit by Karl Stollery and loses puck.
7:13 of 3rd period - John McCarthy is hit by Daniel Cleary and loses puck.
7:39 of 3rd period - Slapshot by Nikita Nikitin.
7:39 of 3rd period - Shot Misses the Net.
7:59 of 3rd period - Nikita Nikitin is hit by Travis Moen and loses puck.
8:22 of 3rd period - Snap shot by Daniel Cleary.
8:22 of 3rd period - Shot Misses the Net.
8:24 of 3rd period - Slapshot by Nolan Yonkman.
8:24 of 3rd period - Stopped by Calvin Pickard without a rebound.
8:25 of 3rd period - Corban Knight wins face-off versus Colin Fraser in Whale zone.
8:46 of 3rd period - Slapshot by Scott Hannan.
8:46 of 3rd period - Shot Blocked by Iiro Pakarinen.
10:00 of 3rd period - Snap shot by Martin Havlat.
10:00 of 3rd period - Stopped by Calvin Pickard without a rebound.
10:01 of 3rd period - Colin Fraser wins face-off versus Corban Knight in Whale zone.
10:50 of 3rd period - Snap shot by Daniel Carr.
10:50 of 3rd period - Shot Misses the Net.
10:52 of 3rd period - Snap shot by Scott Hannan.
10:52 of 3rd period - Deflect By Nikita Nikitin.
10:52 of 3rd period - Stopped by Calvin Pickard with a rebound.
10:54 of 3rd period - Slapshot by Karl Stollery.
10:54 of 3rd period - Shot Blocked by Nikita Nikitin.
10:56 of 3rd period - Backhand shot by Karl Stollery.
10:56 of 3rd period - Deflect By Nikita Nikitin.
10:56 of 3rd period - Stopped by Calvin Pickard with a rebound.
11:11 of 3rd period - Icing by Karl Stollery.
11:12 of 3rd period - Tomas Nosek wins face-off versus Casey Wellman in Crunch zone.
11:21 of 3rd period - Snap shot by Corey Tropp.
11:21 of 3rd period - Shot Misses the Net.
11:29 of 3rd period - Wrist shot by Brendan Ranford.
11:29 of 3rd period - Shot Misses the Net.
11:33 of 3rd period - Snap shot by Corey Tropp.
11:33 of 3rd period - Stopped by Richard Bachman without a rebound.
11:34 of 3rd period - Sam Carrick wins face-off versus Alan Quine in Crunch zone.
12:37 of 3rd period - Snap shot by Daniel Cleary.
12:37 of 3rd period - Stopped by Calvin Pickard with a rebound.
13:01 of 3rd period - Snap shot by Stanislav Galiev.
13:01 of 3rd period - Stopped by Calvin Pickard with a rebound.
13:32 of 3rd period - Slapshot by Stanislav Galiev.
13:32 of 3rd period - Shot Misses the Net.
13:38 of 3rd period - Minor Penalty to Brennan Evans for Holding.
13:39 of 3rd period - Casey Wellman wins face-off versus Colin Fraser in Whale zone.
13:40 of 3rd period - Wrist shot by Martin Havlat.
13:40 of 3rd period - Shot Misses the Net.
13:42 of 3rd period - Slapshot by Kimmo Timonen.
13:42 of 3rd period - Stopped by Calvin Pickard with a rebound.
13:44 of 3rd period - Snap shot by Matt Hunwick.
13:44 of 3rd period - Stopped by Calvin Pickard without a rebound.
13:45 of 3rd period - Colin Fraser wins face-off versus Travis Moen in Whale zone.
14:52 of 3rd period - Nikita Nikitin is hit by Matt Cooke and loses puck.
15:38 of 3rd period - Penalty to Brennan Evans is over, Brennan Evans is back on ice.
15:59 of 3rd period - Snap shot by Daniel Cleary.
15:59 of 3rd period - Stopped by Calvin Pickard with a rebound.
16:03 of 3rd period - Snap shot by Daniel Cleary.
16:03 of 3rd period - Stopped by Calvin Pickard without a rebound.
16:04 of 3rd period - Travis Oleksuk wins face-off versus Alan Quine in Whale zone.
16:19 of 3rd period - Slapshot by Daniel Carr.
16:19 of 3rd period - Shot Blocked by Alan Quine.
16:21 of 3rd period - Snap shot by Stanislav Galiev.
16:21 of 3rd period - Deflect By Daniel Carr.
16:21 of 3rd period - Stopped by Calvin Pickard with a rebound.
16:23 of 3rd period - Wrist shot by Daniel Carr.
16:23 of 3rd period - Shot Hit the Post.
16:25 of 3rd period - Slapshot by Stanislav Galiev.
16:25 of 3rd period - Stopped by Calvin Pickard without a rebound.
16:26 of 3rd period - Alan Quine wins face-off versus Corban Knight in Whale zone.
16:59 of 3rd period - Slapshot by Daniel Cleary.
16:59 of 3rd period - Stopped by Calvin Pickard with a rebound.
17:01 of 3rd period - Snap shot by Corban Knight.
17:01 of 3rd period - Stopped by Calvin Pickard with a rebound.
17:03 of 3rd period - Slapshot by Karl Stollery.
17:03 of 3rd period - Deflect By Daniel Cleary.
17:03 of 3rd period - Shot Misses the Net.
17:03 of 3rd period - Puck is out of play.
17:04 of 3rd period - Pierre-Edouard Bellemare wins face-off versus Jordin Tootoo in Whale zone.
17:31 of 3rd period - Wrist shot by Jordin Tootoo.
17:31 of 3rd period - Stopped by Calvin Pickard with a rebound.
18:04 of 3rd period - Snap shot by Nikita Nikitin.
18:04 of 3rd period - Shot Misses the Net.
18:06 of 3rd period - Wrist shot by Nick Tarnasky.
18:06 of 3rd period - Stopped by Richard Bachman with a rebound.
18:08 of 3rd period - Slapshot by Brent Regner.
18:08 of 3rd period - Stopped by Richard Bachman with a rebound.
18:10 of 3rd period - Snap shot by Nikita Nikitin.
18:10 of 3rd period - Shot Misses the Net.
18:20 of 3rd period - Brent Regner is hit by Kimmo Timonen and loses puck.
18:54 of 3rd period - Minor Penalty to Daniel Cleary for Cross-checking.
18:55 of 3rd period - Dustin Jeffrey wins face-off versus Alan Quine in Crunch zone.
19:06 of 3rd period - Whale, Calvin Pickard is pulled from the net.
19:30 of 3rd period - Karl Stollery is hit by Brent Regner and loses puck.
19:59 of 3rd period - Snap shot by Iiro Pakarinen.
19:59 of 3rd period - Deflect By Karl Stollery.
19:59 of 3rd period - Shot Misses the Net.
19:59 of 3rd period - Puck is out of play.
Goals for this period are 0 for Crunch vs 0 for Whale.
Shots for this period are 16 for Crunch vs 5 for Whale.